 Dungeon Crawl Stone Soup version 0.30-b1-2-g02819fbbbe (webtiles) character file.

Game seed: 4156055587401708912

392 raph the Chopper (level 6, -10/44 (52) HPs)
             Began as a Hill Orc Reaver on Aug 22, 2023.
             Mangled by a two-headed ogre
             ... wielding a +0 giant club
              (15 damage)
             ... on level 5 of the Dungeon.
             The game lasted 00:06:40 (4660 turns).

raph the Chopper (Hill Orc Reaver)                  Turns: 4660, Time: 00:06:41

HP:   -10/44 (52)   AC:  6    Str: 15    XL:     6   Next: 80%
MP:   5/9           EV: 12    Int: 13    God:
Gold: 53            SH:  0    Dex: 11    Spells: 6/9 levels left

rFire   . . .        a - +0 war axe
rCold   . . .        (no shield)
rNeg    . . .        p - +2 leather armour {rPois}
rPois   +            (no helmet)
rElec   .            (no cloak)
rCorr   .            q - +0 pair of gloves
SInv    .            (no boots)
Will    .....        (no amulet)
Stlth   +            (no ring)
HPRegen 0.27/turn    (no ring)
MPRegen 0.11/turn

%: no passive effects
@: very slightly contaminated, heavily drained, invisible
A: no striking features
a: no special abilities


You were on level 5 of the Dungeon.
You visited 1 branch of the dungeon, and saw 5 of its levels.

You collected 188 gold pieces.
You spent 135 gold pieces at shops.

Inventory:

Hand Weapons
 a - a +0 war axe (weapon)
 j - a +1 hand axe
Missiles
 c - 2 throwing nets
 e - 6 javelins (quivered)
Armour
 p - a +2 leather armour of poison resistance (worn)
 q - a +0 pair of gloves (worn)
Magical Staves
 b - a staff of conjuration
Jewellery
 s - the ring "Nydosaih" {Ice Str+3}
   (You took it off an orc on level 5 of the Dungeon)

   [ring of ice]

   It enhances your ice magic.
   Str:       It affects your strength (+3).
   rF:        It makes you vulnerable to fire.
   rC:        It protects you from cold.
Scrolls
 d - a scroll of amnesia
 l - a scroll of teleportation
 r - a scroll of vulnerability {unknown}
Potions
 f - a potion of magic {unknown}
 h - a potion of heal wounds {unknown}
 i - a potion of cancellation {unknown}
 k - 2 potions of mutation
 m - a potion of haste {unknown}
 n - 2 potions of degeneration {unknown}
 o - a potion of flight
 t - a potion of curing {unknown}
 u - a potion of might {unknown}


   Skills:
 + Level 3.9 Fighting
 * Level 7.3 Axes
 + Level 2.4 Dodging
 + Level 2.3 Spellcasting
 + Level 3.6 Conjurations


You had 6 spell levels left.
You knew the following spells:

 Your Spells              Type           Power      Damage    Failure   Level
a - Kiss of Death         Conj/Necr      24%        2d7       14%         1
b - Momentum Strike       Conj/Tloc      12%        3d8       22%         2

Your spell library contained the following spells:

 Spells                   Type           Power      Damage    Failure   Level
 Static Discharge         Conj/Air       12%        2-3/arc   22%         2
 Necrotise                Necr           4%         1d4       30%         1
 Hailstorm                Conj/Ice       6%         3d4       38%         3
 Vampiric Draining        Necr           1%         2d6       65%         3
 Airstrike                Air            0%         2d(1-17)  96%         4
 Anguish                  Hex/Necr       0%         N/A       96%         4
 Summon Lightning Spire   Summ/Air       1%         N/A       96%         4
 Agony                    Necr           1%         N/A       100%        5
 Enfeeble                 Hex            0%         N/A       100%        7


Dungeon Overview and Level Annotations

Branches:
Dungeon (5/15)
 Temple: D:4-7

Altars:
Fedhas
Makhleb
Okawaru

Shops:
D:3 [

Annotations:
D:4 1 runed translucent door, xelsha's ghost, novice GnGl


Message History

The two-headed ogre hits you with a +0 giant spiked club!
The quokka moves out of view.
Casting: Momentum Strike (safe; 22% risk of failure)
Confirm with . or Enter, or press ? or * to list all spells.
Aiming: Momentum Strike (safe; 22% risk of failure)
Press: ? - help, Dir - move target, f/p - two-headed ogre
Aim: a two-headed ogre, wielding a +0 giant club and a +0 giant spiked club (lightly wounded, lightly drained, 85% to hit)
The concentrated momentum hits the two-headed ogre!
The two-headed ogre is heavily wounded.
You are unable to move.
The adder hisses angrily.
You slash the two-headed ogre!
The two-headed ogre is severely wounded.
The two-headed ogre hits you with a +0 giant club!!
Ouch! That really hurt!
* * * LOW HITPOINT WARNING * * *
The two-headed ogre closely misses you.
Okay, then.
You hit the two-headed ogre but do no damage.
The two-headed ogre is severely wounded.
The two-headed ogre completely misses you.
The two-headed ogre barely misses you.
Okay, then.
You fade into invisibility!
The two-headed ogre barely misses you. The two-headed ogre misses you.
You barely miss the two-headed ogre.
The two-headed ogre is heavily wounded.
The jelly jiggles.
You hit the two-headed ogre.
The two-headed ogre is severely wounded.
The two-headed ogre hits you but does no damage.
The two-headed ogre barely misses you.
You completely miss the two-headed ogre.
The two-headed ogre is severely wounded.
You are no longer robbed of momentum.
The two-headed ogre barely misses you. The two-headed ogre closely misses you.
You hit the two-headed ogre.
The two-headed ogre is severely wounded.
The two-headed ogre hits you with a +0 giant club!
You die...

##.#.#........ #........
#....#........ ######'##
#.O...>....... #.#. #$.##
#+# #.#. #..r## #.# #.#.
#.#SJ# #.# #.## # ####h#
#.# #... ... #O#
#.############
.P...#@###.#........... ##
#...................
#.###########.#...........
#..#.#.# #.###########.
#......# #.# #.
####.#.######.# #.
#.....<)......# #.
######)######## #.
#............. #.


You could see a two-headed ogre (unable to see you, drained), a hound, a jelly,
an adder (unable to see you) and a quokka (unable to see you).

Vanquished Creatures
  2 scorpions (D:5)
  A hound (D:4)
  2 sleepcaps
  An orc wizard (D:5)
  3 adders
  4 gnolls (D:5)
  2 worms
  5 dart slugs
  6 orcs
  5 bats
  8 endoplasms
  2 giant cockroaches
  6 goblins
  7 hobgoblins
  4 jackals (D:3)
  4 quokkas
  4 ball pythons
  5 frilled lizards
  8 kobolds
  3 rats
82 creatures vanquished.

Notes
Turn   | Place    | Note
-------+----------+-------------------------------------------
     0 | D:1      | raph the Hill Orc Reaver began the quest for the Orb.
     0 | D:1      | Reached XP level 1. HP: 18/18 MP: 3/3
   221 | D:1      | Reached XP level 2. HP: 25/25 MP: 4/4
   238 | D:1      | Learned a level 2 spell: Momentum Strike
   260 | D:1      | Reached skill level 5 in Axes
   554 | D:1      | Reached XP level 3. HP: 28/30 MP: 5/5
  1356 | D:2      | Found a blossoming altar of Fedhas.
  1786 | D:3      | Reached XP level 4. HP: 35/37 MP: 6/6
  1856 | D:3      | Reached skill level 6 in Axes
  2132 | D:3      | Found Ydeik's Antique Armour Emporium.
  3121 | D:4      | Reached XP level 5. HP: 34/45 MP: 7/7
  3533 | D:3      | Bought a pair of gloves for 135 gold pieces
  3648 | D:4      | Found a runed translucent door.
  3650 | D:4      | Noticed xelsha's ghost (novice GnGl)
  3843 | D:5      | Entered Level 5 of the Dungeon
  4023 | D:5      | Found an iron altar of Okawaru.
  4023 | D:5      | Found a burning altar of Makhleb.
  4052 | D:5      | Reached XP level 6. HP: 48/51 MP: 9/9
  4136 | D:5      | Identified the ring "Nydosaih" {Ice Str+3}
  4156 | D:5      | Reached skill level 7 in Axes
  4640 | D:5      | Noticed a two-headed ogre
  4660 | D:5      | Mangled by a two-headed ogre

Illustrated notes

Levels and vault maps discovered:
D:1:      dpeg_arrival_simpleton_c, layout_loops_ring, minmay_split_cup_large
D:2:      layout_basic, basic_altar
D:3:      layout_basic, serial_shops, shop
D:4:      layout_loops_ring, ebering_ghost_reflecting_pool
D:5:      layout_basic, mainiacjoe_overflow_divided_tiny, elyvilon_altar_1,
          chequers_garden

Skill      XL: |  1  2  3  4  5  6 |
---------------+-------------------+-----
Axes           | 5 6 7 |  7.3
Fighting       | 3 |  3.9
Dodging        | 2 |  2.4
Spellcasting   | 2 |  2.3
Conjurations   | |  3.6

Action                     |  1- 3 |  4- 6 || total
---------------------------+-------+-------++-------
  Melee: Hand axe          |   123 |    59 ||   182
         War axe           |       |    86 ||    86
         Punch             |       |     2 ||     2
  Throw: Javelin           |       |     8 ||     8
         Throwing net      |       |     1 ||     1
   Cast: Momentum Strike   |     3 |     7 ||    10
         Kiss of Death     |       |     1 ||     1
    Use: Scroll            |     8 |     4 ||    12
         Potion            |       |     1 ||     1
   Stab: Sleeping          |       |     1 ||     1
 Armour: Leather armour    |    32 |    60 ||    92
  Dodge: Dodged            |    72 |    97 ||   169
